 Dungeon Crawl Stone Soup version 0.28-a0-657-g71136c5590 (webtiles) character file.

Game seed: 4065911206493662299

18862 AttackTheMoon the Cleaver (level 12, -5/107 HPs)
             Began as a Hill Orc Fire Elementalist on Oct 13, 2021.
             Was an Initiate of Gozag.
             Slain by an eight-headed hydra (9 damage)
             ... on level 11 of the Dungeon.
             The game lasted 00:59:29 (26882 turns).

AttackTheMoon the Cleaver (HOFE)                   Turns: 26882, Time: 00:59:29

Health: -5/107     AC: 14    Str: 12    XL:     12   Next: 63%
Magic:  17/22      EV: 11    Int: 22    God:    Gozag
Gold:   2621       SH: 13    Dex: 11    Spells: 15/24 levels left

rFire   . . .      SeeInvis .   o - +1 hand axe (freeze)
rCold   . . .      Faith    .   j - +3 buckler {reflect}
rNeg    . . .      Spirit   .   i - +1 leather armour of Peek-a-Boo {*Corrode rPois Int+3 Stlth+}
rPois   +          Reflect  +   k - +2 helmet
rElec   .          Harm     .   a - +0 cloak
rCorr   .          Rampage  .   L - +0 pair of gloves
Will    +....                   h - +1 pair of boots
Stlth   ++........              F - amulet of reflection
HPRegen 0.27/turn               q - ring of willpower
MPRegen 0.18/turn               e - ring of wizardry

@: no status effects
A: no striking features
a: Renounce Religion, Potion Petition, Call Merchant, Bribe Branch


You were on level 11 of the Dungeon.
You worshipped Gozag.
Gozag was most pleased with you.
You visited 4 branches of the dungeon, and saw 15 of its levels.

You collected 2985 gold pieces.
You spent 364 gold pieces at shops.

Inventory:

Hand Weapons
 b - a +0 club
 o - a +1 hand axe of freezing (weapon)
Armour
 a - a +0 cloak (worn)
 h - a +1 pair of boots (worn)
 i - the +1 leather armour of Peek-a-Boo (worn) {*Corrode rPois Int+3 Stlth+}
   (You found it on level 9 of the Dungeon)

   Int:       It affects your intelligence (+3).
   rPois:     It protects you from poison.
   *Corrode:  It may corrode you when you take damage.
   Stlth:     It makes you more stealthy.
 j - a +3 buckler of reflection (worn)
 k - a +2 helmet (worn)
 u - a +0 kite shield
 L - a +0 pair of gloves (worn)
Jewellery
 e - a ring of wizardry (right hand)
 g - a ring of poison resistance
 q - a ring of willpower (left hand)
 F - an amulet of reflection (around neck)
 H - a ring of ice
Wands
 m - a wand of mindburst (12)
 n - a wand of flame (31)
 r - a wand of iceblast (9)
 w - a wand of acid (17)
 z - a wand of polymorph (11)
Scrolls
 l - a scroll of magic mapping
 t - a scroll of enchant armour
 v - 3 scrolls of amnesia
 y - a scroll of holy word
 A - 2 scrolls of identify
 E - 2 scrolls of noise
 G - a scroll of enchant weapon
Potions
 c - a potion of berserk rage
 f - 2 potions of mutation
 p - a potion of flight
 s - 2 potions of curing
 I - a potion of might
 K - 5 potions of ambrosia


   Skills:
 + Level 10.5 Fighting
 + Level 10.8 Axes
 + Level 9.5 Armour
 - Level 1.5 Dodging
 - Level 1.5 Stealth
 + Level 7.4 Shields
 + Level 6.9 Spellcasting
 - Level 2.2 Conjurations
 + Level 0.0 Necromancy
 + Level 10.1 Fire Magic


You had 15 spell levels left.
You knew the following spells:

 Your Spells              Type           Power      Damage    Failure   Level
a - Foxfire               Conj/Fire      100%       2x1d9     1%          1
b - Scorch                Fire           100%       2d10      1%          2
c - Flame Wave            Conj/Fire      34%        3d7       3%          4
d - Sublimation of Blood  Necr           3%         N/A       6%          2

Your spell library contained the following spells:

 Spells                   Type           Power      Damage    Failure   Level
 Conjure Flame            Conj/Fire      34%        6-21      1%          3
 Inner Flame              Hex/Fire       29%        N/A       1%          3
 Ensorcelled Hibernation  Hex/Ice        14%        N/A       6%          2
 Wereblood                Tmut           7%         N/A       6%          2
 Tukima's Dance           Hex            7%         N/A       12%         3
 Summon Hydra             Summ           3%         N/A       100%        7


Dungeon Overview and Level Annotations

Branches:
Dungeon (11/15)            Temple (1/1) D:7            Lair (2/6) D:11
    Orc (1/2) D:9
  Swamp: Lair:2-4    Shoals: Lair:2-4     Snake: Lair:2-4    Spider: Lair:2-4

Altars:
Fedhas
Gozag
Hepliaklqana
Makhleb
Nemelex Xobeh
Okawaru
Qazlal
Vehumet
Wu Jian
Yredelemnul
Zin

Shops:
D:1 (   D:8 :   D:11 *

Annotations:
D:2 1 runed translucent door, Crazy Yiuf
Lair:2 Harold, Maggie


Message History

* * * LOW HITPOINT WARNING * * *
The eight-headed hydra bites you but does no damage.
The eight-headed hydra bites you.
* * * LOW HITPOINT WARNING * * *
You block the eight-headed hydra's attack.
Okay, then.
Okay, then.
Casting: Scorch (safe; 1% risk of failure)
Press: ? - help, Q - select action, (/) - cycle Dir - look around, f - activate Flames lash the eight-headed hydra.
The eight-headed hydra is burned terribly!
The eight-headed hydra is almost dead.
The eight-headed hydra is no longer more vulnerable to fire.
The eight-headed hydra bites you.
* * * LOW HITPOINT WARNING * * *
The eight-headed hydra bites you but does no damage.
The eight-headed hydra barely misses you.
The eight-headed hydra bites you!
* * * LOW HITPOINT WARNING * * *
The eight-headed hydra bites you but does no damage.
The eight-headed hydra bites you.
* * * LOW HITPOINT WARNING * * *
The eight-headed hydra bites you but does no damage. x2
Okay, then.
Throw: throwing net
Press: ? - help, Q - select action, (/) - cycle Shift-Dir - straight line, f - eight-headed hydra
Aim: an eight-headed hydra (severely wounded, 79% to hit, immune to nets)
You throw a throwing net.
The throwing net hits the eight-headed hydra.
The eight-headed hydra is too large for the net to hold!
The eight-headed hydra is severely wounded.
The eight-headed hydra barely misses you.
You block the eight-headed hydra's attack. x2
The eight-headed hydra bites you but does no damage.
The eight-headed hydra bites you!
* * * LOW HITPOINT WARNING * * *
The eight-headed hydra barely misses you.
The eight-headed hydra bites you!
You die...
Your body crumbles into a pile of gold.

#.........###.## #.......
##..........##..# #.......
#...........###.# ####......
#............##.## ##...######
#............##..###...#...≈..
##............##.?.##.....#...#
#........................##PPP#
#..............D###....#....P..
#...........<.@.# ###..#≈..P>P.
#...............# #..#...P...
#...............# #....##P..#
##...!........### #.....#...#
##.........).# #...#...≈..
##########.## #(...###### ##.#
###### #.## ##)#


You could see an eight-headed hydra.

Vanquished Creatures
  Gastronok (D:9)
  Erolcha (D:9)
  Erica (D:8)
  2 two-headed ogres (D:11)
  Pikel (D:5)
  A manticore (D:8)
  An ugly thing (D:9)
  2 oklob plants (D:11)
  2 cyclopes (D:11)
  A cane toad (Lair:2)
  2 komodo dragons (Lair:1)
  Psyche (D:9)
  2 rime drakes (Lair:2)
  A queen bee (Lair:1)
  A troll (D:10)
  Grinder (D:3)
  3 blink frogs (Lair:2)
  A dream sheep (Lair:1)
  A shadow (D:10)
  11 yaks (D:9)
  3 wraiths
  Grum (D:11)
  A steam dragon (D:7)
  6 water moccasins
  4 orc warriors
  A sky beast (D:7)
  An ice beast (D:5)
  4 ogres
  2 necrophages
  4 wolves (D:11)
  A lemure (D:6)
  4 centaurs
  10 bullfrogs
  2 kobold brigands
  2 gnoll sergeants
  5 scorpions
  2 water moccasin skeletons
  8 wights
  33 killer bees
  7 electric eels
  4 howler monkeys
  4 centaur zombies
  A jelly (D:6)
  3 bullfrog zombies
  2 hounds (D:5)
  5 orc priests
  2 gnoll shamans (D:7)
  2 iguanas
  Jessica (D:3)
  A scorpion zombie (D:5)
  Terence (D:2)
  11 orc wizards
  A howler monkey zombie (D:7)
  Robin (D:2)
  10 adders
  16 gnolls
  An ufetubus (D:6)
  3 dart slugs
  40 orcs
  6 endoplasms
  3 giant cockroaches
  13 goblins
  4 hobgoblins
  11 kobolds
  A quokka (D:3)
  7 ball pythons
  3 bats (D:1)
  9 rats
  A butterfly (Lair:1)
305 creatures vanquished.

Vanquished Creatures (collateral kills)
  2 foxfires (D:1)
2 creatures vanquished.

Vanquished Creatures (others)
  An orc (Orc:1)
  270 foxfires
  3 fungi
  21 plants
  4 withered plants (D:1)
299 creatures vanquished.

Grand Total: 606 creatures vanquished

Notes
Turn   | Place    | Note
-------+----------+-------------------------------------------
     0 | D:1      | AttackTheMoon the Hill Orc Fire Elementalist began the
                  | quest for the Orb.
     0 | D:1      | Reached XP level 1. HP: 14/14 MP: 3/3
   255 | D:1      | Found a faded altar of an unknown god.
   267 | D:1      | Prayed at the altar of an unknown god.
   267 | D:1      | Became a worshipper of Gozag Ym Sagoz the Greedy
   403 | D:1      | Reached XP level 2. HP: 22/22 MP: 2/4
   718 | D:1      | Reached skill level 1 in Fighting
   820 | D:1      | Found Muirenuz's Antique Weapon Boutique.
  1364 | D:2      | Learned a level 2 spell: Scorch
  1393 | D:2      | Found a runed translucent door.
  1394 | D:2      | Noticed Crazy Yiuf
  1448 | D:2      | Noticed Terence
  1506 | D:2      | Killed Terence
  1507 | D:2      | Reached skill level 1 in Armour
  1507 | D:2      | Reached XP level 3. HP: 11/28 MP: 0/5
  1972 | D:2      | Reached XP level 4. HP: 35/35 MP: 3/7
  2078 | D:2      | Noticed Robin
  2845 | D:2      | Killed Robin
  2907 | D:2      | Reached XP level 5. HP: 33/41 MP: 1/8
  3852 | D:3      | Found a burning altar of Makhleb.
  4512 | D:3      | Noticed Jessica
  4517 | D:3      | Killed Jessica
  4725 | D:3      | Noticed Grinder
  4729 | D:3      | Paralysed by Grinder for 2 turns
  4731 | D:3      | Killed Grinder
  4732 | D:3      | Reached XP level 6. HP: 37/51 MP: 0/10
  5061 | D:4      | Reached XP level 7. HP: 57/57 MP: 2/11
  5222 | D:4      | Found a radiant altar of Vehumet.
  5463 | D:4      | Found an ornate altar of the Wu Jian Council.
  5943 | D:5      | Entered Level 5 of the Dungeon
  5948 | D:5      | Reached skill level 5 in Fire Magic
  6743 | D:4      | Reached XP level 8. HP: 66/67 MP: 2/12
  7238 | D:5      | Found a glowing silver altar of Zin.
  7262 | D:5      | Reached skill level 5 in Fighting
  7445 | D:5      | Found a sparkling altar of Nemelex Xobeh.
  7734 | D:5      | Reached skill level 5 in Axes
  7802 | D:4      | Reached skill level 5 in Armour
  8299 | D:6      | Reached XP level 9. HP: 75/75 MP: 4/15
  8784 | D:5      | Learned a level 4 spell: Flame Wave
  8801 | D:6      | Noticed Pikel
  8864 | D:5      | Killed Pikel
  9720 | D:6      | Found a basalt altar of Yredelemnul.
  9779 | D:6      | Reached skill level 1 in Shields
 10184 | D:6      | Found an opulent altar of Gozag.
 10934 | D:7      | Reached XP level 10. HP: 83/86 MP: 10/17
 11286 | D:7      | Found a stormy altar of Qazlal.
 11286 | D:7      | Found a staircase to the Ecumenical Temple.
 11664 | D:7      | Found a hazy altar of Hepliaklqana.
 11935 | Temple   | Entered the Ecumenical Temple
 12737 | D:8      | Reached skill level 5 in Spellcasting
 12854 | D:8      | Noticed a manticore
 12891 | D:8      | Killed a manticore
 13708 | D:8      | Found Orchuagh's Book Boutique.
 13756 | D:8      | Found an iron altar of Okawaru.
 14058 | D:8      | Noticed Erica
 14487 | D:8      | Killed Erica
 14809 | D:9      | Noticed Erolcha
 14971 | D:9      | Killed Erolcha
 15159 | D:9      | Found a staircase to the Orcish Mines.
 15243 | D:9      | Noticed Psyche
 15256 | D:9      | Killed Psyche
 15597 | D:9      | Reached XP level 11. HP: 87/95 MP: 12/19
 15707 | D:9      | Reached skill level 5 in Shields
 16367 | D:9      | Identified the +1 leather armour of Peek-a-Boo {*Corrode
                  | rPois Int+3 Stlth+}
 17000 | D:9      | Noticed Gastronok
 17111 | D:9      | Noticed a brown ugly thing
 17117 | D:9      | Killed a brown ugly thing
 17213 | D:9      | Killed Gastronok
 18248 | Orc:1    | Entered Level 1 of the Orcish Mines
 18248 | Orc:1    | Noticed an orc knight
 18701 | D:10     | Entered Level 10 of the Dungeon
 20089 | D:10     | Found a blossoming altar of Fedhas.
 20893 | D:11     | Noticed a two-headed ogre
 21006 | D:11     | Found Iboky's Assorted Antiques.
 21019 | D:11     | Noticed Grum
 21474 | D:11     | Killed Grum
 21535 | D:11     | Noticed a cyclops
 21547 | D:11     | Killed a cyclops
 21817 | D:11     | Noticed a two-headed ogre
 21826 | D:11     | Killed a two-headed ogre
 22019 | D:11     | Noticed an oklob plant
 22424 | D:11     | Reached skill level 10 in Axes
 22424 | D:11     | Reached XP level 12. HP: 104/106 MP: 5/21
 23313 | D:11     | Killed a two-headed ogre
 23611 | D:11     | Found a staircase to the Lair.
 23881 | D:11     | Reached skill level 10 in Fighting
 24287 | Lair:1   | Entered Level 1 of the Lair of Beasts
 24377 | D:8      | Bought a book of Blood for 364 gold pieces
 24380 | D:8      | Learned a level 2 spell: Sublimation of Blood
 25404 | Lair:1   | Reached skill level 10 in Fire Magic
 25663 | Lair:1   | Found a stormy altar of Qazlal.
 26254 | Lair:2   | Noticed Harold
 26256 | Lair:2   | Noticed Maggie
 26283 | Lair:2   | Noticed an eight-headed hydra
 26882 | D:11     | HP: 4/107 [eight-headed hydra (13)]
 26882 | D:11     | Slain by an eight-headed hydra

Illustrated notes

Levels and vault maps discovered:
D:1:      minmay_arrival_jagged, layout_loops_ring, serial_shops,
          nicolae_shop_temple_entry_statues_fountains,
          shapermc_ecumenical_altar_flowoftime
D:2:      layout_basic, lemuel_old_faithful, uniq_crazy_yiuf_cottage,
          uniq_robin, uniq_terence
D:3:      layout_basic, mainiacjoe_overflow_catwalk, kennysheep_small_spiral,
          minmay_misc_feat_room, uniq_grinder, uniq_jessica
D:4:      layout_basic, mainiacjoe_overflow_alcove_4,
          nicolae_wu_jian_glorious_leap, grunt_decor_junction
D:5:      layout_basic, nemelex_dance_club_becter, lemuel_crystal_altar,
          st_stairs_10
D:6:      layout_rooms, general_overflow_altar, mainiacjoe_overflow_paths,
          minmay_misc_feat_plants, kennysheep_diamond, uniq_pikel
D:7:      layout_loops_corners, nicolae_qazlal_scattered_showers,
          worldfamousw_hep_ancestral_shrine, minmay_temple_entry_junction_2
D:8:      layout_gridville, mainiacjoe_overflow_24_doors, nicolae_stop_n_shop_2,
          uniq_erica
D:9:      cheibrodos_two_vegetables, layout_irregular_city, david_orc_3,
          uniq_gastronok, uniq_psyche, uniq_erolcha
D:10:     layout_basic, fedhas_ov_isle_minmay
D:11:     layout_cave_pods, dpeg_oklobed_lair, serial_column_ruins,
          column_ruins_open_large, column_ruins_open_tiny,
          column_ruins_columns_straight, column_ruins_grid_1, serial_shops,
          nicolae_shop_stone, uniq_grum
Temple:   minmay_temple_curvy_loop
Lair:1:   layout_roguey [special_room_bee], basic_altar, grunt_megastairs_1,
          lemuel_fruit_fields, serial_bayou_shore_a
Lair:2:   layout_layer_cave, minivault_27, kennysheep_abandoned_house,
          uniq_harold, uniq_maggie
Orc:1:    layout_caves, mines2_david

Skill      XL: |  1  2  3  4  5  6  7  8  9 10 11 12 |
---------------+-------------------------------------+-----
Fighting       | 1 2 3 4 5 7 8 9 10 | 10.5
Armour         | 1 3 4 5 6 7 8 9 |  9.5
Spellcasting   | 2 3 4 5 6 |  6.9
Conjurations   | 2 |  2.2
Fire Magic     | 4 5 6 7 8 9 10 | 10.1
Axes           | 2 3 5 7 8 10 | 10.8
Shields        | 2 4 6 7 |  7.4
Dodging        | |  1.5
Stealth        | |  1.5

Action                   |  1- 3 |  4- 6 |  7- 9 | 10-12 || total
-------------------------+-------+-------+-------+-------++-------
Melee: Unarmed           |    14 |     1 |       |       ||    15
       Hand axe          |       |     3 |    74 |   152 ||   229
Throw: Throwing net      |       |       |       |     1 ||     1
 Cast: Foxfire           |    36 |    32 |    16 |    78 ||   162
       Scorch            |     5 |    35 |   138 |   251 ||   429
       Flame Wave        |       |       |     2 |    22 ||    24
       Sublimation of Bl |       |       |       |     2 ||     2
Evoke: Wand              |       |       |       |     8 ||     8
  Use: Scroll            |     3 |     7 |     3 |    18 ||    31
       Potion            |       |       |     3 |     8 ||    11
Armor: Robe              |     3 |     5 |       |    20 ||    28
       Leather armour    |       |     1 |    66 |   121 ||   188
       Skin              |       |       |       |     9 ||     9
Dodge: Dodged            |    19 |    19 |   100 |   165 ||   303
Block: Buckler           |       |       |       |    96 ||    96
       Reflection        |       |       |       |     2 ||     2

Table legend: (Time is in decaauts)
 A = Elapsed time spent in this place.
 B = Non-inter-level travel time spent in this place.
 C = Inter-level travel time spent in this place.
 D = Time resting spent in this place.
 E = Time spent auto-exploring this place.
 F = Levels seen in this place.
 G = Mean time per level.
                   A        B        C        D        E       F      G
               +--------+--------+--------+--------+--------+-----+--------+
         Total |  26924 |  25983 |    941 |  12015 |  10968 |  15 | 1794.9 |
       Dungeon |  24915 |  24015 |    900 |  11208 |  10061 |  11 | 2265.0 |
        Temple |      1 |      1 |      0 |      0 |      0 |   1 |    1.0 |
          Lair |   2003 |   1962 |     41 |    807 |    907 |   2 | 1001.5 |
  Orcish Mines |      4 |      4 |      0 |      0 |      0 |   1 |    4.0 |
               +--------+--------+--------+--------+--------+-----+--------+

Top non-repeatable levels by time:
     D:9: 4044 daAuts
    D:11: 3569 daAuts
     D:5: 2700 daAuts
     D:8: 2429 daAuts
    D:10: 2084 daAuts
     D:7: 2031 daAuts
     D:1: 2021 daAuts
  Lair:1: 1800 daAuts
     D:4: 1617 daAuts
     D:2: 1603 daAuts
     D:3: 1525 daAuts
     D:6: 1287 daAuts
  Lair:2: 203 daAuts
   Orc:1: 4 daAuts
  Temple: 1 daAuts
